 Dungeon Crawl Stone Soup version 0.18.1-6-gd335043 (webtiles) character file.

7599 manyhoops the Protected (level 10, -1/83 HPs)
             Began as a Demonspawn Gladiator on May 16, 2016.
             Was a Believer of Qazlal.
             Slain by Gekot's ghost (11 damage)
             ... in a bailey.
             The game lasted 00:19:58 (8241 turns).

manyhoops the Protected (Demonspawn Gladiator)      Turns: 8241, Time: 00:19:59

Health: -1/83      AC: 24    Str: 20    XL:     10   Next: 97%
Magic:  24/24      EV:  7    Int: 14    God:    Qazlal [**....]
Gold:   452        SH:  3    Dex: 13    Spells: 0 memorised, 9 levels left

rFire  . . .     SeeInvis .     x - +8 whip of Res Nullius {slash, rElec rPois rC-}
rCold  x . .     Gourm    .     A - +0 plate armour
rNeg   . . .     Faith    .     (no shield)
rPois  +         Spirit   .     h - +3 hat of Pondering {ponderous, MR+ MP+10 Int+5}
rElec  +         Dismiss  .     n - +2 cloak
rCorr  .         Reflect  .     y - +0 pair of gloves
SustAt .         Harm     .     c - +0 pair of boots {Fly}
MR     +....                    N - amulet of rage
Stlth  ..........               (no ring)
                                K - ring of wizardry

@: flying, slow, somewhat resistant to hostile enchantments, extremely
unstealthy
A: talons 2, powered by death 2, powered by pain 2
a: Upheaval, Renounce Religion, Evoke Berserk Rage, Stop Flying


You were in a bailey.
You worshipped Qazlal.
Qazlal was pleased with you.
You were not hungry.

You visited 2 branches of the dungeon, and saw 10 of its levels.
You also visited: Bailey.

You collected 578 gold pieces.
You spent 126 gold pieces at shops.

Inventory:

Hand Weapons
 a - a +0 war axe
 p - a +2 hand axe of flaming
 x - the +8 whip of Res Nullius (weapon) {slash, rElec rPois rC-}
   (You found it on level 4 of the Dungeon)

   It inflicts extra damage upon your enemies.
   It makes you vulnerable to cold.
   It insulates you from electricity.
   It protects you from poison.
Missiles
 d - 3 throwing nets (quivered)
Armour
 c - a +0 pair of boots of flying (worn)
 h - the +3 hat of Pondering (worn) {ponderous, MR+ MP+10 Int+5}
   (You took it off Gastronok on level 7 of the Dungeon)

   It affects your intelligence (+5).
   It affects your resistance to hostile enchantments.
   It affects your magic capacity (+10).
 n - a +2 cloak (worn)
 y - a +0 pair of gloves (worn)
 A - a +0 plate armour (worn)
 C - a +2 helmet
Jewellery
 K - a ring of wizardry (left hand)
 N - an amulet of rage (around neck)
Wands
 r - a wand of digging (18/24)
 v - a wand of teleportation (5/9)
 F - a wand of enslavement (13/24)
Scrolls
 b - a scroll of enchant weapon
 g - 7 scrolls of remove curse
 i - 2 scrolls of enchant armour
 j - 3 scrolls of teleportation
 o - 2 scrolls of fog
 s - a scroll of immolation
 w - a scroll of noise
 J - 2 scrolls of amnesia
 L - a scroll of brand weapon {unknown}
Potions
 e - a potion of cure mutation {unknown}
 k - 9 potions of curing
 l - a potion of ambrosia
 m - 2 potions of brilliance
 q - 2 potions of resistance
 z - a potion of invisibility
 B - 2 potions of magic
 E - 2 potions of flight
 G - a potion of might
Comestibles
 f - 7 bread rations
 u - 3 meat rations
 D - 4 fruits


   Skills:
 + Level 9.1 Fighting
 * Level 7.2 Axes
 - Level 1.7 Throwing
 + Level 10.7 Armour
 - Level 2.6 Dodging
 * Level 5.4 Invocations


You had 9 spell levels left.
You didn't know any spells.

Dungeon Overview and Level Annotations

Branches:
Dungeon (9/15)             Temple (1/1) D:7
   Lair: D:8-11         Orc: D:9-12

Altars:
Dithmenos
Elyvilon
Fedhas
Gozag
Makhleb
Pakellas
Qazlal
Ru
Sif Muna
Trog
Xom

Shops:
D:5 [   D:6 [

Annotations:
Bailey Gekot's ghost, journeyman GrFi


Innate Abilities, Weirdness & Mutations

You have razor-sharp toenails.
You regenerate health from kills.
You sometimes gain power by taking damage.


Message History

You feel much better. Gekot's ghost hits you. Gekot's ghost freezes you.
You hit Gekot's ghost.
Gekot's ghost is almost destroyed.
Gekot's ghost hits you but does no damage.
You hit Gekot's ghost but do no damage.
Gekot's ghost is almost destroyed.
Gekot's ghost hits you but does no damage.
You hit Gekot's ghost.
Gekot's ghost is almost destroyed.
Gekot's ghost barely misses you.
You hit Gekot's ghost but do no damage.
Gekot's ghost is almost destroyed.
Gekot's ghost hits you!!
* * * LOW HITPOINT WARNING * * *
Gekot's ghost freezes you!
* * * LOW HITPOINT WARNING * * *
You hit Gekot's ghost.
Gekot's ghost is almost destroyed.
Gekot's ghost hits you!
You die...

..#.≈≈.≈.≈≈≈≈≈.≈.≈≈)#..≈#
##.≈.≈≈.))..≈≈.≈.##..≈#
#.≈≈.≈≈≈)≈≈≈.≈≈.#⌠..≈#
#..≈≈..≈.≈..≈≈..#...≈#
#.⌠.≈≈≈...≈≈≈.⌠.#.).≈#
##....≈≈≈≈≈....##)..≈#
#####.))..#####....≈#
#######⌠W......##
......§@.....##
............##
#'''######### #.. #


You could see Gekot's ghost.

Vanquished Creatures
  Gastronok (D:7)
  The ghost of Anouleth the Grave Robber, a novice DDNe (D:6)
  Grinder (D:3)
  A spriggan (D:8)
  A hippogriff (D:8)
  3 hungry ghosts
  2 steam dragons (D:7)
  Menkaure (D:5)
  7 orc warriors
  4 sky beasts
  An eye of draining (D:8)
  A wasp (D:8)
  A black bear (D:8)
  A phantom (D:6)
  A necrophage (D:7)
  4 centaurs
  5 ogres
  2 big kobolds
  6 giant frogs
  A gnoll sergeant (D:7)
  A water moccasin zombie (D:8)
  A scorpion (D:7)
  6 killer bees (D:8)
  4 wights
  A howler monkey (D:6)
  2 jellies
  2 crimson imps (D:6)
  2 giant frog zombies
  7 orc wizards
  A centaur skeleton (D:6)
  3 hounds
  2 orc priests
  An iguana (D:4)
  Natasha (twice) (D:2)
  5 worker ants
  A hound zombie (D:8)
  2 hound skeletons
  A howler monkey skeleton (D:4)
  3 gnolls (D:7)
  4 adders
  2 shadow imps
  3 worms (D:2)
  3 dart slugs
  8 giant geckos
  43 orcs
  3 ball pythons
  12 bats
  A giant cockroach (D:8)
  14 goblins
  5 hobgoblins
  12 jackals
  4 quokkas
  3 giant newts
  A jackal skeleton (D:4)
  16 kobolds
  A quokka skeleton (D:6)
  2 quokka zombies (D:5)
  8 rats
237 creatures vanquished.

Vanquished Creatures (others)
  A fungus (D:7)
1 creature vanquished.

Grand Total: 238 creatures vanquished

Notes
Turn   | Place    | Note
--------------------------------------------------------------
     0 | D:1      | manyhoops the Demonspawn Gladiator began the quest for the Orb.
     0 | D:1      | Reached XP level 1. HP: 16/16 MP: 1/1
    93 | D:1      | Gained mutation: You sometimes gain a little power by taking damage. [demonic ancestry]
    93 | D:1      | Reached XP level 2. HP: 20/22 MP: 2/2
   885 | D:1      | Reached XP level 3. HP: 27/27 MP: 3/3
  1066 | D:2      | Reached skill level 1 in Armour
  1782 | D:2      | Noticed Natasha
  1794 | D:2      | Killed Natasha
  1794 | D:2      | Reached XP level 4. HP: 19/34 MP: 4/4
  2106 | D:2      | Reached skill level 2 in Armour
  2313 | D:2      | Noticed Natasha
  2319 | D:2      | Killed Natasha
  2516 | D:3      | Reached XP level 5. HP: 38/39 MP: 5/5
  2599 | D:3      | Found a faded altar to an unknown god.
  2679 | D:3      | Noticed Grinder
  3018 | D:4      | Reached skill level 3 in Armour
  3058 | D:4      | Noticed an ogre
  3093 | D:4      | Killed an ogre
  3093 | D:4      | Gained mutation: You have sharp toenails. [demonic ancestry]
  3093 | D:4      | Reached XP level 6. HP: 19/47 MP: 6/6
  3317 | D:4      | Got an encrusted whip
  3331 | D:4      | Identified the +8 whip of Res Nullius {slash, rElec rPois rC-} (You found it on level 4 of the Dungeon)
  3789 | D:5      | Entered Level 5 of the Dungeon
  3789 | D:5      | Found Uloos's Antique Armour Emporium.
  3793 | D:5      | Bought a pair of runed boots for 126 gold pieces
  4010 | D:5      | Reached skill level 4 in Armour
  4014 | D:5      | Found an opulent altar of Gozag.
  4016 | D:5      | Found a blossoming altar of Fedhas.
  4019 | D:5      | Found a shimmering altar of Xom.
  4081 | D:5      | Noticed a sky beast
  4099 | D:5      | Killed a sky beast
  4099 | D:5      | Reached skill level 5 in Axes
  4099 | D:5      | Gained mutation: You regenerate a little health from kills. [demonic ancestry]
  4099 | D:5      | Reached XP level 7. HP: 47/53 MP: 7/7
  4334 | D:5      | Reached skill level 5 in Armour
  4442 | D:5      | Noticed Menkaure
  4803 | D:3      | Paralysed by Grinder for 7 turns
  4824 | D:3      | Killed Grinder
  4824 | D:3      | Gained mutation: You sometimes gain power by taking damage. [demonic ancestry]
  4824 | D:3      | Reached XP level 8. HP: 18/61 MP: 8/8
  4988 | D:5      | Killed Menkaure
  4988 | D:5      | Reached skill level 6 in Armour
  5010 | D:6      | Reached skill level 5 in Fighting
  5072 | D:6      | Found an oddly glowing altar of Pakellas.
  5072 | D:6      | Found a deep blue altar of Sif Muna.
  5075 | D:6      | Found a sacrificial altar of Ru.
  5137 | D:6      | Reached skill level 7 in Armour
  5316 | D:6      | Noticed Anouleth's ghost (novice DDNe)
  5518 | D:6      | Killed Anouleth's ghost
  5518 | D:6      | Reached skill level 8 in Armour
  5518 | D:6      | Gained mutation: You have razor-sharp toenails. [demonic ancestry]
  5518 | D:6      | Reached XP level 9. HP: 67/69 MP: 9/9
  5527 | D:6      | Found Selomne's Armour Boutique.
  5744 | D:6      | Found an oddly glowing altar of Pakellas.
  5957 | D:7      | Found a burning altar of Makhleb.
  5957 | D:7      | Noticed a green death
  6253 | D:7      | Found a staircase to the Ecumenical Temple.
  6327 | Temple   | Entered the Ecumenical Temple
  6331 | Temple   | Became a worshipper of Qazlal Stormbringer
  6430 | D:7      | Reached skill level 9 in Armour
  6430 | D:7      | Reached skill level 1 in Invocations
  6913 | D:8      | Noticed Gastronok
  6954 | D:7      | Killed Gastronok
  6954 | D:7      | Reached skill level 10 in Armour
  6954 | D:7      | Gained mutation: You regenerate health from kills. [demonic ancestry]
  6954 | D:7      | Reached XP level 10. HP: 16/80 MP: 10/12
  7307 | D:8      | Reached * piety under Qazlal
  7862 | D:8      | Reached skill level 5 in Invocations
  7876 | D:8      | Reached ** piety under Qazlal
  7985 | D:9      | Found a flagged portal.
  7991 | Bailey   | Entered a bailey
  8208 | Bailey   | Noticed Gekot's ghost (journeyman GrFi)
  8233 | Bailey   | HP: 4/83 [Gekot's ghost (4)]
  8241 | Bailey   | Slain by Gekot's ghost

Skill      XL: |  1  2  3  4  5  6  7  8  9 10 |
---------------+-------------------------------+-----
Axes           | 3 4 5 6 7 |  7.2
Armour         | 1 2 3 4 5 8 10 | 10.7
Fighting       | 3 4 6 8 9 |  9.1
Invocations    | 3 5 |  5.4
Throwing       | |  1.7
Dodging        | |  2.6

Action                   |  1- 3 |  4- 6 |  7- 9 | 10-12 || total
-------------------------+-------+-------+-------+-------++-------
Melee: War axe           |    99 |       |       |       ||    99
       Hand axe          |    32 |    93 |       |       ||   125
       Whip              |       |    41 |   341 |   293 ||   675
  Use: Scroll            |       |     9 |     7 |     4 ||    20
       Potion            |       |       |       |     4 ||     4
 Stab: Sleeping          |       |     1 |       |       ||     1
  Eat: Chunk             |     3 |     3 |     7 |     2 ||    15
       Bread ration      |       |     1 |       |     4 ||     5
       Meat ration       |       |       |     2 |     2 ||     4
       Beef jerky        |       |       |     1 |       ||     1
       Pizza             |       |       |       |     1 ||     1
Armor: Scale mail        |    77 |    66 |    24 |       ||   167
       Plate armour      |       |       |   196 |   223 ||   419
Dodge: Dodged            |    88 |    62 |   127 |   130 ||   407
Block: Other             |       |       |       |    15 ||    15
